 Dungeon Crawl Stone Soup version 0.30.1-4-g462c640d31 (webtiles) character file.

Game seed: 9293348828917621232

2870 Gabide the Cutter (level 9, -2/75 HPs)
             Began as a Demigod Hunter on Sept 16, 2023.
             Slain by a vampire (5 damage)
             ... on level 7 of the Dungeon.
             The game lasted 00:14:51 (7137 turns).

Gabide the Cutter (Demigod Hunter)                  Turns: 7137, Time: 00:14:52

Health: -2/75      AC: 10    Str: 12    XL:     9   Next: 23%
Magic:  11/11      EV: 15    Int: 11    God:
Gold:   193        SH:  5    Dex: 29    Spells: 8/8 levels left

rFire   + + .        a - +2 dagger (venom)
rCold   + . .        (no shield)
rNeg    . . .        t - +2 ring mail {rF+}
rPois   +            i - +0 helmet
rElec   +            k - +0 cloak
rCorr   +            (no gloves)
SInv    .            l - +0 pair of boots
Will    +....        c - amulet of reflection
Stlth   ++           g - ring of flight
HPRegen 0.32/turn    w - ring of willpower
MPRegen 0.12/turn

%: reflection
@: mighty, resistant, flying
A: high MP 1, forlorn, divine attributes
a: no special abilities


You were on level 7 of the Dungeon.
You visited 2 branches of the dungeon, and saw 8 of its levels.

You collected 373 gold pieces.
You spent 180 gold pieces at shops.

Inventory:

Hand Weapons
 a - a +2 dagger of venom (weapon)
 b - a +0 shortbow
Armour
 i - a +0 helmet (worn)
 k - a +0 cloak (worn)
 l - a +0 pair of boots (worn)
 t - a +2 ring mail of fire resistance (worn)
 y - the +1 leather armour "Efaf" {rN+}
   (You found it on level 5 of the Dungeon)

   rN:        It protects you from negative energy.
Jewellery
 c - an amulet of reflection (around neck)
 g - a ring of flight (left hand)
 w - a ring of willpower (right hand)
Wands
 s - a wand of roots (1)
 v - a wand of polymorph (17)
 z - a wand of flame (16)
 B - a wand of mindburst (1)
Scrolls
 d - 2 scrolls of identify
 r - a scroll of silence
 C - a scroll of butterflies
Potions
 e - 4 potions of lignification
 h - a potion of mutation
 j - 4 potions of curing
 m - 3 potions of flight
 n - 2 potions of magic
 o - 2 potions of attraction {unknown}
 p - 2 potions of resistance
 q - a potion of ambrosia {unknown}
 u - 2 potions of haste
 x - 2 potions of cancellation {unknown}
 A - a potion of might
 D - 2 potions of berserk rage {unknown}


   Skills:
 - Level 6.0 Fighting
 * Level 7.4 Short Blades
 - Level 6.0 Ranged Weapons
 - Level 6.0 Dodging
 - Level 1.0 Stealth


You had 8 spell levels left.
You didn't know any spells.
Your spell library contained the following spells:

 Spells                   Type           Power      Damage    Failure   Level
 Slow                     Hex            0%         N/A       63%         1
 Summon Small Mammal      Summ           0%         N/A       63%         1
 Cigotuvi's Dreadful Rot  Necr/Pois/Air  0%         N/A       77%         2
 Call Canine Familiar     Summ           0%         N/A       94%         3
 Confusing Touch          Hex            0%         N/A       94%         3
 Hailstorm                Conj/Ice       0%         3d3       94%         3
 Summon Guardian Golem    Hex/Summ       0%         N/A       94%         3
 Vampiric Draining        Necr           0%         2d6       94%         3
 Volatile Blastmotes      Fire/Tloc      0%         2d10      94%         3
 Dispel Undead            Necr           0%         3d6       100%        4
 Fulminant Prism          Conj/Hex       0%         3d5       100%        4
 Ice Form                 Ice/Tmut       0%         N/A       100%        4
 Iskenderun's Mystic Bla  Conj/Tloc      0%         2d3       100%        4
 Passage of Golubria      Tloc           0%         N/A       100%        4
 Lee's Rapid Deconstruct  Erth           0%         3d4*      100%        5
 Silence                  Hex/Air        0%         N/A       100%        5
 Death Channel            Necr           0%         N/A       100%        6
 Simulacrum               Ice/Necr       0%         N/A       100%        6
 Orb of Destruction       Conj           0%         9d5       100%        7
 Spellforged Servitor     Conj/Summ      0%         N/A       100%        7
 Lehudib's Crystal Spear  Conj/Erth      0%         10d2      100%        8


Dungeon Overview and Level Annotations

Branches:
Dungeon (7/15)             Temple (1/1) D:7

Shops:
D:6 :(!

Annotations:
D:6 porada001's ghost, novice HuCK


Innate Abilities, Weirdness & Mutations

You have an increased reservoir of magic. (+10% MP)
You shall have no god before yourself.
Your divine heritage dramatically boosts your attributes as you level up.


Message History

You hear two shouts!
You hear a roar!
Something hits you. Something bites you but does no damage.
Unknown command.
Aiming: Mindburst
Press: ? - help, Shift-Dir - straight line Something's mind is blasted!
Something barely misses you. Something bites you but does no damage.
Unknown command.
Aiming: Mindburst
Press: ? - help, Shift-Dir - straight line Something's mind is blasted!
Something hits you but does no damage. Something bites you!
* * * LOW HITPOINT WARNING * * *
Something draws strength from your injuries!
Unknown command.
You feel much better. Something draws life force from you.
You feel very mighty all of a sudden.
An acid dragon comes into view.
Something hits you! Something bites you!
Something draws strength from your injuries!
You miss something. You hit something but do no damage. Something hits you.
Something bites you.
* * * LOW HITPOINT WARNING * * *
Something draws strength from your injuries!
You feel protected. The acid dragon closely misses you.
The acid dragon claws you but does no damage.
Something hits you but does no damage. Something bites you.
* * * LOW HITPOINT WARNING * * *
Something draws strength from your injuries!
You hit something but do no damage. The acid dragon spits acid at you.
The splash of acid misses you. Something draws life force from you!
* * * LOW HITPOINT WARNING * * *
You hit something.
Okay, then.
Something hits you.
* * * LOW HITPOINT WARNING * * *
Something bites you.
You die...

#.#..##.#P...P#
#.#.....###'###.#
##.#.##..........#
...#.##...##.###..?#
...#.###....... # .#
...#.# #..###.##.#.###
.#.#.# .... ...#.#..
...#.#.#.#.# ##{D#.#
.#
.###.#....####..@.#..#
## #.# ...#........#
#.#.#. #..##.####
#.#.#.#.#.#)##.#
####.# ..####.#...#
...#.###.#..)....#.#
.#....##.#.#..###....
.##....#....)....##.#
..##...#..............


You could see an acid dragon (catching breath).

Vanquished Creatures
  A two-headed ogre (D:7)
  The ghost of sonasty the Thaumaturge, a novice DEFE of Vehumet (D:6)
  Grinder (D:3)
  A slime creature (D:7)
  A steam dragon (D:6)
  2 black bears (D:5)
  An orc warrior (D:7)
  2 ogres
  A phantom (D:7)
  A bullfrog (D:7)
  3 scorpions
  A vampire bat (D:3)
  A gnoll bouda (D:5)
  2 hounds (D:5)
  2 orc priests
  Ijyb (D:3)
  Jessica (D:2)
  Terence (D:2)
  4 iguanas
  An orc wizard (D:4)
  6 adders
  7 gnolls
  A shadow imp (D:5)
  A white imp (D:7)
  An ufetubus (D:7)
  5 worms (D:2)
  A dart slug (D:1)
  3 fire bats (D:3)
  15 orcs
  2 spectral bats (D:3)
  10 ball pythons
  3 bat skeletons (D:3)
  A bat zombie (D:3)
  8 endoplasms
  3 giant cockroaches
  7 hobgoblins
  4 jackals (D:1)
  5 quokkas
  15 bats
  A bat simulacrum (D:3)
  A frilled lizard (D:2)
  9 goblins
  6 kobolds
  3 rats
147 creatures vanquished.

Notes
Turn   | Place    | Note
-------+----------+-------------------------------------------
     0 | D:1      | Gabide the Demigod Hunter began the quest for the Orb.
     0 | D:1      | Reached XP level 1. HP: 17/17 MP: 3/3
    15 | D:1      | Reached skill level 1 in Stealth
   179 | D:1      | Reached XP level 2. HP: 24/24 MP: 4/4
   632 | D:2      | Noticed Jessica
   633 | D:2      | Killed Jessica
   634 | D:2      | Reached XP level 3. HP: 30/30 MP: 5/5
   933 | D:2      | Reached XP level 4. HP: 36/37 MP: 6/6
  1374 | D:2      | Noticed Terence
  1380 | D:2      | Killed Terence
  1781 | D:3      | Reached XP level 5. HP: 40/45 MP: 7/7
  2098 | D:3      | Reached skill level 5 in Ranged Weapons
  2403 | D:3      | Reached XP level 6. HP: 51/51 MP: 8/8
  2516 | D:3      | Noticed Grinder
  2521 | D:3      | Killed Grinder
  2651 | D:3      | Noticed Ijyb
  2666 | D:3      | Killed Ijyb
  3114 | D:4      | Reached skill level 1 in Short Blades
  3355 | D:4      | Reached XP level 7. HP: 49/58 MP: 9/9
  3572 | D:4      | Reached skill level 2 in Short Blades
  3940 | D:5      | Entered Level 5 of the Dungeon
  4595 | D:5      | Reached skill level 3 in Short Blades
  4871 | D:5      | Identified the +1 leather armour "Efaf" {rN+}
  5099 | D:5      | Reached XP level 8. HP: 40/67 MP: 10/10
  5251 | D:6      | Found Casi's Distillery.
  5254 | D:6      | Bought a potion of might for 48 gold pieces
  5254 | D:6      | Bought a potion of haste for 120 gold pieces
  5254 | D:6      | Bought a potion of degeneration for 12 gold pieces
  5280 | D:6      | Reached skill level 4 in Short Blades
  5526 | D:6      | Found Vior's Weapon Emporium.
  5562 | D:6      | Reached skill level 5 in Fighting
  5614 | D:6      | Reached skill level 5 in Dodging
  5773 | D:6      | Found Riczeunwoe's Book Boutique.
  5863 | D:6      | Found a runed translucent gate.
  5943 | D:6      | Found a runed translucent gate.
  5943 | D:6      | Found a runed translucent gate.
  5948 | D:6      | Noticed porada001's ghost (novice HuCK)
  5948 | D:6      | Noticed sonasty's ghost (novice DEFE)
  6151 | D:6      | Killed sonasty's ghost
  6152 | D:6      | Reached skill level 5 in Short Blades
  6615 | D:7      | Noticed a two-headed ogre
  6644 | D:7      | Killed a two-headed ogre
  6645 | D:7      | Reached skill level 6 in Short Blades
  6645 | D:7      | Reached XP level 9. HP: 6/75 MP: 11/11
  6939 | D:7      | Found a staircase to the Ecumenical Temple.
  6947 | Temple   | Entered the Ecumenical Temple
  7020 | D:7      | Reached skill level 7 in Short Blades
  7137 | D:7      | HP: 3/75 [something (5)]
  7137 | D:7      | Slain by a vampire

Illustrated notes

Levels and vault maps discovered:
D:1:      amcnicky_arrival_single_pillar, layout_loops_cross
D:2:      layout_loops_ring, basic_altar, nicolae_grassy_gnolls, uniq_jessica,
          uniq_terence
D:3:      layout_basic, nicolae_overflow_hidden_temple, serial_glass,
          glass_columns_a, glass_columns_b, goddamned_bats, uniq_grinder,
          uniq_ijyb
D:4:      layout_basic, kennysheep_mini_moat, nicolae_overflow_crystal_walls,
          fedhas_altar_4
D:5:      layout_layer_cave, nicolae_uskayaw_dance_hall,
          mainiacjoe_overflow_alcove_2
D:6:      layout_gridville, serial_shops, nicolae_shop_tiny_real_fake_doors,
          nicolae_shop_behind_doors, shop, gammafunk_ghost_cemetery
D:7:      layout_basic, minmay_temple_entry_waves, minmay_misc_feat_encased,
          minmay_misc_feat_five, grunt_decor_fettered, st_stairs_9,
          minmay_shattered_shrine
Temple:   hellmonk_temple_micro_hex

Skill      XL: |  1  2  3  4  5  6  7  8  9 |
---------------+----------------------------+-----
Stealth        | 1 |  1.0
Fighting       | 2 3 4 6 |  6.0
Dodging        | 2 3 4 6 |  6.0
Ranged Weapons | 4 5 6 |  6.0
Short Blades   | 1 3 6 7 |  7.4

Action                     |  1- 3 |  4- 6 |  7- 9 || total
---------------------------+-------+-------+-------++-------
  Melee: Dagger            |       |    40 |   149 ||   189
         Punch             |       |     1 |     2 ||     3
   Fire: Shortbow          |    87 |   197 |   122 ||   406
  Evoke: Wand              |       |       |    10 ||    10
    Use: Scroll            |       |    13 |     7 ||    20
         Potion            |       |       |     5 ||     5
 Armour: Leather armour    |    16 |    53 |       ||    69
         Ring mail         |       |     3 |    69 ||    72
  Dodge: Dodged            |    35 |   144 |   108 ||   287
  Block: Other             |       |       |    13 ||    13
